 Seeded DCSS version 0.32-a0-999-gfa1cc04b1d (webtiles) character file.

Game seed: 202404248 (custom seed)

25 Orlauf the Slasher (level 2, -1/23 HPs)
             Began as a Demonspawn Gladiator on Apr 24, 2024.
             Slain by a gnoll
             ... wielding a +0 whip
              (3 damage)
             ... on level 2 of the Dungeon.
             The game lasted 00:01:23 (842 turns).

Orlauf the Slasher (Demonspawn Gladiator)            Turns: 842, Time: 00:01:24

Health: -1/23      AC:  7    Str: 14    XL:     2   Next: 86%
Magic:  2/2        EV: -3    Int:  8    God:
Gold:   66         SH:  7    Dex: 14    Spells: 1/1 levels left

rFire   . . .        a - +0 long sword
rCold   . . .        l - +0 kite shield
rNeg    . . .        m - +0 scale mail
rPois   .            c - +0 helmet
rElec   .            (no cloak)
rCorr   .            (no gloves)
SInv    .            (no boots)
Will    .....        (no amulet) Stlth
                     g - ring of flight
HPRegen 0.23/turn    (no ring)
MPRegen 0.08/turn

%: no passive effects
@: flying, constricted
A: claws 1
a: no special abilities


You were on level 2 of the Dungeon.
You visited 1 branch of the dungeon, and saw 2 of its levels.

You collected 66 gold pieces.

Inventory:

Hand Weapons
 a - a +0 long sword (weapon)
 b - a +2 dagger of venom
Missiles
 d - 3 throwing nets (quivered)
 e - a javelin
Armour
 c - a +0 helmet (worn)
 l - a +0 kite shield (worn)
 m - a +0 scale mail (worn)
Jewellery
 g - a ring of flight (left claw)
Scrolls
 f - a scroll of teleportation


   Skills:
 + Level 2.4 Fighting
 * Level 3.3 Long Blades
 - Level 1.7 Throwing
 - Level 2.6 Dodging
 + Level 0.4 Shields


You had one spell level left.
You didn't know any spells.
Your spell library was empty.

Dungeon Overview and Level Annotations

Branches:
Dungeon (2/15)

Altars:


Innate Abilities, Weirdness & Mutations

You have sharp fingernails.


Message History

You fly downwards.
The gnoll throws a throwing net.
The throwing net misses you.
The ball python bites you but does no damage.
The gnoll throws a throwing net.
The throwing net hits you.
You become entangled in the net!
There is a stone staircase leading up here.
You see here a throwing net.
You are held in a net!
You are held in a net!
You struggle against the net.
The ball python bites you. The ball python grabs you.
The ball python constricts you.
The ball python bites you but does no damage.
The ball python constricts you.
You struggle against the net.
The ball python bites you but does no damage.
The ball python constricts you. The gnoll hits you with a +0 whip.
You struggle against the net.
The ball python bites you. The ball python constricts you.
The gnoll hits you from afar with a +0 spear.
The gnoll hits you but does no damage.
You rip the net and break free!
The ball python bites you but does no damage.
The ball python constricts you. You block the gnoll's attack. x2
You barely miss the ball python.
The ball python bites you but does no damage.
The ball python constricts you.
The gnoll hits you from afar with a +0 spear.
You block the gnoll's attack.
The gnoll hits you from afar with a +0 spear.
* * * LOW HITPOINT WARNING * * *
You block the ball python's attack. The ball python constricts you.
You closely miss the ball python. The ball python completely misses you.
The ball python constricts you.
The gnoll hits you from afar with a +0 spear.
* * * LOW HITPOINT WARNING * * *
A goblin comes into view. It is wielding a +0 dagger.
The gnoll hits you but does no damage. x2; You block the ball python's attack.
The ball python constricts you. The gnoll hits you but does no damage.
The gnoll hits you with a +0 whip.
You die...

# ..
...#######
....(..####
#.......##g
#.S@.g.....
#..g....##.
#...g...#
#.......#
#.......#
#.......#
#######..
###


You could see 3 gnolls, a goblin (wandering) and a ball python.

Vanquished Creatures
  A gnoll (D:1)
  A ribbon worm (D:1)
  2 endoplasms (D:1)
  A giant cockroach (D:1)
  A hobgoblin (D:1)
  2 quokkas (D:1)
  A frilled lizard (D:1)
  3 kobolds (D:1)
  2 rats (D:1)
14 creatures vanquished.

Notes
Turn   | Place    | Note
-------+----------+-------------------------------------------
     0 | D:1      | Orlauf the Demonspawn Gladiator began the quest for the
                  | Orb.
     0 | D:1      | Reached XP level 1. HP: 16/16 MP: 1/1
   283 | D:1      | Reached skill level 3 in Long Blades
   317 | D:1      | Gained mutation: You have sharp fingernails. [demonic
                  | ancestry]
   317 | D:1      | Reached XP level 2. HP: 12/22 MP: 2/2
   842 | D:2      | Slain by a gnoll

Illustrated notes

Levels and vault maps discovered:
D:1:      dpeg_arrival_shelter, layout_rooms
D:2:      layout_loops_cross

Skill      XL: |  1 |
---------------+----+-----
Long Blades    | 3 |  3.3
Fighting       | |  2.4
Throwing       | |  1.7
Dodging        | |  2.6
Shields        | |  0.4

Action                     || total
---------------------------++-------
  Melee: Long sword        ||    47
    Use: Scroll            ||     3
         Potion            ||     1
 Armour: Leather armour    ||    10
         Scale mail        ||    48
  Dodge: Dodged            ||    25
  Block: Kite shield       ||    20

Table legend: (Time is in decaauts)
 A = Elapsed time spent in this place.
 B = Non-inter-level travel time spent in this place.
 C = Inter-level travel time spent in this place.
 D = Time resting spent in this place.
 E = Time spent auto-exploring this place.
 F = Levels seen in this place.
 G = Mean time per level.
                   A        B        C        D        E       F      G
               +--------+--------+--------+--------+--------+-----+--------+
         Total |    859 |    826 |     33 |    214 |    438 |   2 |  429.5 |
       Dungeon |    859 |    826 |     33 |    214 |    438 |   2 |  429.5 |
               +--------+--------+--------+--------+--------+-----+--------+

Top non-repeatable levels by time:
     D:1: 849 daAuts
     D:2: 10 daAuts
